 Dungeon Crawl Stone Soup version 0.30-a0-377-g5cb311bc9f (webtiles) character file.

Game seed: 9174593062104523964

86 Decritt the Trooper (level 4, 0/37 HPs)
             Began as a Djinni Earth Elementalist on Nov 28, 2022.
             Slain by an adder (2 damage)
             ... on level 3 of the Dungeon.
             The game lasted 00:05:52 (2136 turns).

Decritt the Trooper (Djinni Earth Elementalist)     Turns: 2136, Time: 00:05:52

Health: 0/37       AC:  2    Str:  7    XL:     4   Next: 78%
Gold:   117        EV: 12    Int: 18    God:
                   SH:  0    Dex: 14

rFire   + + .      SeeInvis .    (no weapon)
rCold   x . .      Faith    .    (no shield)
rNeg    . . .      Spirit   .    a - +0 robe
rPois   ∞          Reflect  .    (no helmet)
rElec   .          Harm     .    (no cloak)
rCorr   +          Rampage  .    (no gloves)
Will    .....                    (boots unavailable)
Stlth   ++........               b - amulet of the acrobat
HPRegen 0.26/turn                g - ring of resist corrosion
MPRegen 0.00/turn                (no ring)

@: flying, very slightly contaminated
A: sickness immunity, fire resistance 2, cold vulnerability 1, float, innate
caster, HP casting, extra vitality 1
a: no special abilities


You were on level 3 of the Dungeon.
You visited 1 branch of the dungeon, and saw 4 of its levels.

You collected 143 gold pieces.
You spent 26 gold pieces at shops.

Inventory:

Armour
 a - a +0 robe (worn)
 f - a +1 leather armour of willpower
Jewellery
 b - an amulet of the acrobat (around neck)
 g - a ring of resist corrosion (left hand)
Scrolls
 d - a scroll of amnesia {unknown}
 h - a scroll of brand weapon {unknown}
 i - a scroll of magic mapping {unknown}
 j - a scroll of blinking {unknown}
Potions
 c - a potion of haste
 e - 4 potions of curing {unknown}


   Skills:
 * Level 3.9 Fighting
 + Level 0.1 Armour
 - Level 2.1 Dodging
 - Level 1.5 Stealth
 * Level 2.4 Spellcasting


You couldn't memorise any spells.
You knew the following spells:

 Your Spells              Type           Power      Damage    Failure   Level
a - Sandblast             Erth           22%        2d7       6%          1
b - Apportation           Tloc           22%        N/A       6%          1
c - Stone Arrow           Conj/Erth      22%        3d8       19%         3
d - Petrify               Tmut/Erth      11%        N/A       54%         4
p - Passwall              Tmut/Erth      9%         N/A       10%         2
Your spell library was empty.

Dungeon Overview and Level Annotations

Branches:
Dungeon (4/15)
 Temple: D:4-7

Altars:
Nemelex Xobeh

Shops:
D:2 ?

Annotations:
D:3 Grinder
D:4 Pikel


Innate Abilities, Weirdness & Mutations

You are immune to sickness and miasma.
You are immune to poison.
Your flesh is very heat resistant. (rF++)
You are vulnerable to cold. (rC-)
You float through the air rather than walking.
You learn spells naturally, not from books.
Your magical power is your life essence.
You have superior vitality. (+4 MHP)


Message History

Pikel closely misses you.
You begin to meditate on the wall.
You continue meditating on the rock.
Pikel closely misses you.
You continue meditating on the rock.
Pikel hits you with a +1 whip of flaming!
* * * LOW HITPOINT WARNING * * *
Pikel burns you.
* * * LOW HITPOINT WARNING * * *
You continue meditating on the rock.
Pikel barely misses you.
You finish merging with the rock.
Casting: Passwall (safe; 10% risk of failure)
Confirm with . or Enter, or press ? or * to list all spells.
Aiming: Passwall (safe; 10% risk of failure)
Press: ? - help, Dir - move target A rock wall.
* * * LOW HITPOINT WARNING * * *
You begin to meditate on the wall.
You continue meditating on the rock. x2
You finish merging with the rock.
The adder bites you.
* * * LOW HITPOINT WARNING * * *
The adder attacks as you move away! The adder completely misses you.
The adder completely misses you.
There is a stone staircase leading up here.
The adder closely misses you.
You fly upwards.
Level annotation: Grinder
Found 3 gold pieces.
Found two stone staircases leading up.
There is a stone staircase leading down here.
Casting: Passwall (safe; 10% risk of failure)
Confirm with . or Enter, or press ? or * to list all spells.
Aiming: Sandblast (safe; 6% risk of failure)
Press: ? - help, Shift-Dir - straight line, f - adder
Aim: an adder (70% to hit)
You miscast Sandblast.
You are very lightly contaminated with residual magic.
Nothing appears to happen.
* * * LOW HITPOINT WARNING * * *
The adder bites you.
You die...

............#
.......<....###
#..............
#.#####.####### .#
#.# #####.# #.#
### ..... ..#
.....##..######...
.
......S@.$.<.<....
...##
.....###.#......#
#..) ... .# .#.
.#.# . .. ..+ ..#
..# ..# #+#####
.......


You could see an adder.

Vanquished Creatures
  3 adders
  A worm (D:3)
  2 dart slugs
  An orc (D:3)
  7 ball pythons
  3 endoplasms
  2 giant cockroaches
  3 goblins
  3 hobgoblins
  11 jackals
  A quokka (D:2)
  2 bats (D:1)
  2 frilled lizards (D:2)
  3 kobolds
  4 rats
48 creatures vanquished.

Notes
Turn   | Place    | Note
-------+----------+-------------------------------------------
     0 | D:1      | Decritt the Djinni Earth Elementalist began the quest for
                  | the Orb.
     0 | D:1      | Decritt set off with the following spells memorised:
                  | Sandblast, Passwall, Stone Arrow, Petrify.
     0 | D:1      | Reached XP level 1. HP: 15/15 MP: 0/0
    86 | D:1      | Reached skill level 1 in Fighting
   302 | D:1      | Reached XP level 2. HP: 21/22 MP: 0/0
   386 | D:1      | Reached skill level 2 in Fighting
   561 | D:1      | Reached XP level 3. HP: 28/29 MP: 0/0
   561 | D:1      | Learned a level 1 spell: Apportation
   775 | D:1      | You are sucked into a shaft and drop 1 floor!
   810 | D:2      | Reached skill level 3 in Fighting
   910 | D:2      | Found Afyniuda's Magic Scroll Shoppe.
   919 | D:2      | Bought a scroll of identify for 26 gold pieces
   958 | D:2      | Reached XP level 4. HP: 28/35 MP: 0/0
  1215 | D:2      | Found a sparkling altar of Nemelex Xobeh.
  1851 | D:3      | Found a faded altar of an unknown god.
  1885 | D:3      | Noticed Grinder
  1905 | D:3      | Paralysed by something for 4 turns
  1912 | D:3      | Paralysed by something for 4 turns
  2093 | D:4      | Noticed a lemure
  2094 | D:4      | Noticed a lemure
  2100 | D:4      | Noticed Pikel
  2100 | D:4      | Noticed a lemure
  2100 | D:4      | Noticed a lemure
  2129 | D:4      | HP: 1/37 [adder (4)]
  2136 | D:3      | Slain by an adder

Illustrated notes

Levels and vault maps discovered:
D:1:      sevenhm_arrival_forest_fort_large_2, layout_basic,
          hangedman_decor_points
D:2:      layout_basic, serial_shops, nicolae_diamond_shop, serial_curves,
          eino_curves_02, eino_curves_02, eino_curves_01, eino_curves_01,
          basic_altar, serial_park_tiny_pond
D:3:      layout_basic, hellmonk_ecumenical_altar_inner_sanctum, uniq_grinder
D:4:      layout_basic, nzn_wu_jian_council_hall, xom_confusion_cloud,
          general_overflow_altar, uniq_edmund, uniq_menkaure,
          uniq_blork_the_orc, uniq_pikel

Skill      XL: |  1  2  3 |
---------------+----------+-----
Fighting       | 1 2 3 |  3.9
Armour         | |  0.1
Dodging        | |  2.1
Stealth        | |  1.5
Spellcasting   | |  2.4

Action                   |  1- 3 |  4- 6 || total
-------------------------+-------+-------++-------
Melee: Unarmed           |    22 |       ||    22
 Cast: Sandblast         |    43 |    34 ||    77
       Passwall          |       |     3 ||     3
  Use: Scroll            |     3 |       ||     3
Armor: Robe              |     9 |       ||     9
Dodge: Dodged            |    31 |    15 ||    46

Table legend: (Time is in decaauts)
 A = Elapsed time spent in this place.
 B = Non-inter-level travel time spent in this place.
 C = Inter-level travel time spent in this place.
 D = Time resting spent in this place.
 E = Time spent auto-exploring this place.
 F = Levels seen in this place.
 G = Mean time per level.
                   A        B        C        D        E       F      G
               +--------+--------+--------+--------+--------+-----+--------+
         Total |   2173 |   2127 |     46 |    279 |   1524 |   4 |  543.2 |
       Dungeon |   2173 |   2127 |     46 |    279 |   1524 |   4 |  543.2 |
               +--------+--------+--------+--------+--------+-----+--------+

Top non-repeatable levels by time:
     D:2: 989 daAuts
     D:1: 790 daAuts
     D:4: 219 daAuts
     D:3: 173 daAuts
